 Dungeon Crawl Stone Soup version 0.27.1-3-gb3d3a73c9e (webtiles) character file.

Game seed: 10300686191098833645

1647 DearestLeader the Fighter (level 9, -4/76 HPs)
             Began as a Gnoll Wanderer on Oct 14, 2021.
             Slain by a shadow (6 damage)
             ... on level 6 of the Dungeon.
             The game lasted 00:11:59 (8717 turns).

DearestLeader the Fighter (Gnoll Wanderer)          Turns: 8717, Time: 00:11:59

Health: -4/76      AC:  5    Str: 17    XL:     9   Next: 0%
Magic:  9/14       EV: 13    Int: 13    God:
Gold:   132        SH:  5    Dex: 14    Spells: 9/15 levels left

rFire    . . .     SeeInvis .   D - +2 hand axe (vorpal)
rCold    . . .     Faith    .   x - +0 buckler
rNeg     . . .     Spirit   .   G - +2 leather armour {rPois}
rPois    +         Reflect  .   (no helmet)
rElec    .         Harm     .   (no cloak)
rCorr    .         Rampage  .   (no gloves)
Will     .....                  (no boots)
Stlth    ++........             y - amulet of the acrobat
HPRegen  0.22/turn              d - +6 ring of strength
MPRegen  0.14/turn              (no ring)

@: no status effects
A: fangs 1, strong nose, distributed training
a: no special abilities


You were on level 6 of the Dungeon.
You visited 1 branch of the dungeon, and saw 6 of its levels.

You collected 272 gold pieces.
You spent 140 gold pieces at shops.

Inventory:

Hand Weapons
 c - a +1 flail of draining
 A - a +0 whip of venom
 D - a +2 vorpal hand axe (weapon)
 E - a +5 dire flail
 F - a +3 trident
Missiles
 h - 57 bolts
 j - 15 poisoned darts (quivered)
 l - a throwing net
 r - 8 datura-tipped darts
Armour
 b - a +0 kite shield
 x - a +0 buckler (worn)
 G - a +2 leather armour of poison resistance (worn)
Jewellery
 d - a +6 ring of strength (left hand)
 y - an amulet of the acrobat (around neck)
Wands
 a - a wand of iceblast (5)
Scrolls
 i - a scroll of immolation
 m - a scroll of identify {unknown}
 o - a scroll of enchant armour {unknown}
 p - a scroll of noise {unknown}
 q - 2 scrolls of holy word {unknown}
 u - a scroll of blinking {unknown}
 w - 2 scrolls of magic mapping {unknown}
 z - a scroll of enchant weapon {unknown}
 B - 2 scrolls of acquirement {unknown}
 C - a scroll of amnesia {unknown}
Potions
 e - a potion of magic {unknown}
 f - a potion of flight {unknown}
 g - a potion of heal wounds {unknown}
 k - a potion of berserk rage {unknown}
 n - 2 potions of curing
 s - a potion of attraction {unknown}
 t - a potion of lignification {unknown}
 v - a potion of haste {unknown}


   Skills:
 + Level 9.3 Fighting
 + Level 3.7 Short Blades
 + Level 3.7 Long Blades
 + Level 6.0 Axes
 + Level 3.7 Maces & Flails
 + Level 6.0 Polearms
 + Level 3.7 Staves
 + Level 3.7 Slings
 + Level 3.7 Bows
 + Level 3.7 Crossbows
 + Level 3.7 Throwing
 + Level 3.7 Armour
 + Level 3.7 Dodging
 + Level 3.7 Stealth
 + Level 4.6 Shields
 + Level 3.7 Unarmed Combat
 + Level 3.7 Spellcasting
 + Level 3.1 Conjurations
 + Level 3.1 Hexes
 + Level 3.1 Summonings
 + Level 3.1 Necromancy
 + Level 3.1 Translocations
 + Level 3.1 Transmutations
 + Level 3.1 Fire Magic
 + Level 3.1 Ice Magic
 + Level 3.1 Air Magic
 + Level 3.1 Earth Magic
 + Level 3.1 Poison Magic
 + Level 4.1 Invocations
 + Level 4.6 Evocations


You had 9 spell levels left.
You knew the following spells:

 Your Spells              Type           Power      Damage    Failure   Level
a - Magic Dart            Conj           40%        1d5       7%          1
b - Searing Ray           Conj           20%        3d3       11%         2
c - Vampiric Draining     Necr           5%         2d6       22%         3

Your spell library contained the following spells:

 Spells                   Type           Power      Damage    Failure   Level
 Slow                     Hex            10%        N/A       11%         2
 Confusing Touch          Hex            10%        N/A       22%         3
 Dazzling Flash           Conj/Hex       20%        N/A       22%         3
 Fulminant Prism          Conj/Hex       5%         3d7       56%         4
 Iskenderun's Mystic Bla  Conj/Tloc      10%        2d4       56%         4
 Fireball                 Conj/Fire      5%         3d5       89%         5
 Starburst                Conj/Fire      5%         6d4       100%        6
 Ignition                 Fire           5%         3d4       100%        8


Dungeon Overview and Level Annotations

Branches:
Dungeon (6/15)
 Temple: D:4-7

Altars:

Shops:
D:5 *

Annotations:
D:3 2 runed translucent doors, chujev's ghost, amateur TrBe
D:6 3 runed translucent doors, Linguinho's ghost, novice GrFi


Innate Abilities, Weirdness & Mutations

You have very sharp teeth.
Your uncanny sense of smell can sniff out nearby items.
Your experience applies equally to all skills.


Message History

The shadow slips into darkness.
The shadow flickers and vanishes!
Deactivating autopickup; reactivate with Ctrl-A.
There is a stone staircase leading up here.
Casting: Searing Ray (safe; 11% risk of failure)
Confirm with . or Enter, or press ? or * to list all spells.
Aiming: Searing Ray (safe; 11% risk of failure)
Press: ? - help, Shift-Dir - straight line The searing ray hits the orc priest.
The orc priest is moderately wounded. (Press . to maintain the ray.)
The shadow strikes at you from the darkness!
* * * LOW HITPOINT WARNING * * *
Reactivating autopickup.
The searing ray hits the shadow but does no damage.
The shadow is moderately damaged.
The searing ray hits the orc priest.
The orc priest is severely wounded.
The orc misses you. The shadow closely misses you.
The searing ray hits the shadow!
The shadow is heavily damaged.
The searing ray hits the orc priest.
You kill the orc priest!
The searing ray hits the orc warrior.
The orc warrior is lightly wounded.
You block the orc's attack. The shadow misses you.
You have reached level 9!
Your experience leads to an increase in your attributes!
Your base attributes are Str 10, Int 13, Dex 14.
Increase (S)trength, (I)ntelligence, or (D)exterity?
You feel stronger.
As you read the scroll labelled MELO LONUUCRE, it crumbles to dust.
The creatures around you are filled with an inner flame!
It was a scroll of immolation.
The orc hits you but does no damage. The shadow completely misses you.
It was a potion of curing.
You feel better.
The orc warrior hits you from afar with a +0 trident!
* * * LOW HITPOINT WARNING * * *
The orc closely misses you. The shadow hits you.
You die...

................#
....8.8.8.8.8.8.#
##..............#..#
#...8.8.8.8.8.##..#
#.............##..#
#.###....###÷###..#
#.###.#.o# #.###..#####
.......oW###...........
.......[@...##......#
..####.#.####.....### #
##### #......## ∆
##..##...#
..###..#..).#
..###..#....##
#..##..#.....#
#..#..####..##
#....##.....#


You could see an orc warrior (inner flame), a shadow (inner flame) and an orc
(inner flame).

Vanquished Creatures
  Menkaure (D:4)
  A black bear (D:5)
  2 ice beasts
  3 ogres
  A bullfrog (D:6)
  A gnoll sergeant (D:6)
  4 wights (D:5)
  2 orc priests
  2 hounds
  A bullfrog skeleton (D:5)
  A jelly (D:5)
  A centaur skeleton (D:5)
  2 iguanas
  Natasha (twice) (D:2)
  2 orc wizards (D:3)
  11 adders
  12 gnolls
  2 white imps
  An ufetubus (D:6)
  An adder skeleton (D:4)
  4 dart slugs (D:2)
  26 orcs
  6 endoplasms
  4 giant cockroaches
  5 goblins
  3 hobgoblins
  2 quokkas
  6 ball pythons
  8 bats
  5 frilled lizards
  10 kobolds
  5 rats
137 creatures vanquished.

Vanquished Creatures (others)
  Natasha (D:2)
  A plant (D:6)
2 creatures vanquished.

Grand Total: 139 creatures vanquished

Notes
Turn   | Place    | Note
-------+----------+-------------------------------------------
     0 | D:1      | DearestLeader the Gnoll Wanderer began the quest for the
                  | Orb.
     0 | D:1      | DearestLeader set off with the following items: a +0 spear,
                  | a +0 kite shield, a scroll of teleportation, a +0 robe
     0 | D:1      | Reached XP level 1. HP: 26/26 MP: 1/1
   579 | D:1      | Reached XP level 2. HP: 33/33 MP: 2/2
  1233 | D:1      | Found a faded altar of an unknown god.
  1370 | D:2      | Reached skill level 1 in Invocations
  1370 | D:2      | Reached XP level 3. HP: 11/38 MP: 2/4
  1373 | D:2      | Reached skill level 1 in Short Blades
  1373 | D:2      | Reached skill level 1 in Long Blades
  1373 | D:2      | Reached skill level 1 in Maces & Flails
  1373 | D:2      | Reached skill level 1 in Staves
  1373 | D:2      | Reached skill level 1 in Slings
  1373 | D:2      | Reached skill level 1 in Bows
  1373 | D:2      | Reached skill level 1 in Crossbows
  1373 | D:2      | Reached skill level 1 in Throwing
  1373 | D:2      | Reached skill level 1 in Armour
  1373 | D:2      | Reached skill level 1 in Dodging
  1373 | D:2      | Reached skill level 1 in Stealth
  1373 | D:2      | Reached skill level 1 in Unarmed Combat
  1373 | D:2      | Reached skill level 1 in Spellcasting
  1833 | D:2      | Reached XP level 4. HP: 40/44 MP: 5/5
  1956 | D:2      | Reached skill level 1 in Conjurations
  1956 | D:2      | Reached skill level 1 in Hexes
  1956 | D:2      | Reached skill level 1 in Summonings
  1956 | D:2      | Reached skill level 1 in Necromancy
  1956 | D:2      | Reached skill level 1 in Translocations
  1956 | D:2      | Reached skill level 1 in Transmutations
  1956 | D:2      | Reached skill level 1 in Fire Magic
  1956 | D:2      | Reached skill level 1 in Ice Magic
  1956 | D:2      | Reached skill level 1 in Air Magic
  1956 | D:2      | Reached skill level 1 in Earth Magic
  1956 | D:2      | Reached skill level 1 in Poison Magic
  2294 | D:2      | Learned a level 1 spell: Magic Dart
  2339 | D:2      | Reached XP level 5. HP: 39/51 MP: 6/6
  2575 | D:2      | Noticed Natasha
  2577 | D:2      | Killed Natasha
  2676 | D:2      | Noticed Natasha
  2690 | D:2      | Killed Natasha
  2925 | D:2      | Noticed Natasha
  2941 | D:2      | Killed Natasha
  3033 | D:3      | Found a large runed translucent door.
  3033 | D:3      | Found a large runed translucent door.
  3184 | D:3      | Noticed chujev's ghost (amateur TrBe)
  3533 | D:3      | Reached XP level 6. HP: 55/57 MP: 8/8
  3857 | D:3      | Noticed an orc warrior
  3888 | D:4      | Noticed Menkaure
  4142 | D:4      | Reached skill level 5 in Axes
  4142 | D:4      | Reached skill level 5 in Polearms
  4643 | D:4      | Reached XP level 7. HP: 34/63 MP: 10/10
  4817 | D:4      | Learned a level 2 spell: Searing Ray
  5147 | D:4      | Killed Menkaure
  5935 | D:5      | Entered Level 5 of the Dungeon
  5988 | D:5      | Reached skill level 9 in Fighting
  6464 | D:5      | Reached XP level 8. HP: 55/71 MP: 12/12
  7367 | D:5      | Found Sighig's Assorted Antiques.
  7372 | D:5      | Bought a runed leather armour for 140 gold pieces
  7456 | D:5      | Learned a level 3 spell: Vampiric Draining
  7918 | D:6      | Found a runed translucent gate.
  7919 | D:6      | Found a runed translucent gate.
  7920 | D:6      | Found a runed translucent gate.
  7920 | D:6      | Noticed Linguinho's ghost (novice GrFi)
  8698 | D:6      | Noticed a shadow
  8713 | D:6      | HP: 1/71 [something (17)]
  8716 | D:6      | Reached XP level 9. HP: 2/76 MP: 9/14
  8717 | D:6      | Slain by a shadow

Illustrated notes

Levels and vault maps discovered:
D:1:      co_arrival_random_square_maze, layout_loops_cross,
          shapermc_ecumenical_altar_acropolis, minmay_pentomino_t4
D:2:      layout_basic, kennysheep_generic_room_11, uniq_natasha
D:3:      layout_loops_corners, ebering_ghost_disaster_area
D:4:      layout_rooms, uniq_menkaure
D:5:      layout_basic, serial_shops, kennysheep_little_box, dk_rats_in_the_wall
D:6:      layout_basic, serial_shops, nicolae_shop_overgrown_old_shop,
          ebering_ghost_rock_garden, hangedman_glass_teeth,
          grunt_decor_junction, minmay_misc_feat_pillars,
          grunt_decor_mini_mirrors, minmay_pentangle

Skill      XL: |  1  2  3  4  5  6  7  8 |
---------------+-------------------------+-----
Invocations    | 1 2 3 4 |  4.1
Short Blades   | 1 2 3 |  3.7
Long Blades    | 1 2 3 |  3.7
Maces & Flails | 1 2 3 |  3.7
Staves         | 1 2 3 |  3.7
Slings         | 1 2 3 |  3.7
Bows           | 1 2 3 |  3.7
Crossbows      | 1 2 3 |  3.7
Throwing       | 1 2 3 |  3.7
Armour         | 1 2 3 |  3.7
Dodging        | 1 2 3 |  3.7
Stealth        | 1 2 3 |  3.7
Unarmed Combat | 1 2 3 |  3.7
Spellcasting   | 1 2 3 |  3.7
Conjurations   | 1 2 3 |  3.1
Hexes          | 1 2 3 |  3.1
Summonings     | 1 2 3 |  3.1
Necromancy     | 1 2 3 |  3.1
Translocations | 1 2 3 |  3.1
Transmutations | 1 2 3 |  3.1
Fire Magic     | 1 2 3 |  3.1
Ice Magic      | 1 2 3 |  3.1
Air Magic      | 1 2 3 |  3.1
Earth Magic    | 1 2 3 |  3.1
Poison Magic   | 1 2 3 |  3.1
Shields        | 3 4 |  4.6
Evocations     | 3 4 |  4.6
Axes           | 5 6 |  6.0
Polearms       | 5 6 |  6.0
Fighting       | 9 |  9.3

Action                   |  1- 3 |  4- 6 |  7- 9 || total
-------------------------+-------+-------+-------++-------
Melee: Spear             |   116 |       |       ||   116
       Bite              |     6 |    15 |    19 ||    40
       Dagger            |     5 |   166 |       ||   171
       Flail             |       |    20 |       ||    20
       Whip              |       |     7 |    28 ||    35
       Hand axe          |       |       |   184 ||   184
Throw: Dart              |       |       |     1 ||     1
 Cast: Searing Ray       |       |       |     8 ||     8
       Magic Dart        |       |       |     1 ||     1
  Use: Scroll            |       |     1 |     1 ||     2
       Potion            |       |       |     1 ||     1
 Stab: Sleeping          |     4 |       |     2 ||     6
Armor: Robe              |    14 |       |       ||    14
       Ring mail         |     3 |    52 |    30 ||    85
       Leather armour    |       |       |    13 ||    13
Dodge: Dodged            |    33 |    66 |   124 ||   223
Block: Kite shield       |    29 |    34 |       ||    63
       Buckler           |       |    15 |    53 ||    68
